AoeStats
← SigmaGoon18

MegaRandom

508589279Analyzed
4v4 RM · 9d ago on Sep 23, 2026· 23m 12s· 8 players
Game mode
Random Map
Map size
Large (8 player)
Population
200
Speed
Normal
Resources
Standard
Victory
Conquest
Starting age
Dark Age
Ending age
Imperial Age
RankedLock teamsTeams togetherTeam positionsShared explorationLock speedFull tech treeHidden civsTurbo modeCheats
Victory
Defeat
🇨🇱 Varangians · Chile
1136
+10
🇨🇴 Danes · Colombia
1059
+13
🇲🇽 Magyars · Mexico
957
+18
🇲🇽 Persians · Mexico
957
+18
🇨🇳 Tatars · China
1005
-15
🇺🇸 Varangians · United States
1004
-15
🇺🇸 Saxons · United States
1003
-15
🇲🇽 Goths · Mexico
981
-14
david.icoma
0:51 Loom
11:21 Feudal Age
12:33 Double-Bit Axe
13:26 Wheelbarrow
18:32 Castle Age
17:15 Horse Collar
18:09 Stone Mining
18:47 Gold Mining
SigmaGoon18
5:43 Loom
10:49 Feudal Age
11:51 Double-Bit Axe
20:02 Castle Age
19:23 Fletching
21:21 Bodkin Arrow
23:12 Padded Archer Armor
Teliot
2:51 Loom
12:56 Feudal Age
gregyostnerij
jorgeluis s
0:31 Loom
11:33 Feudal Age
19:14 Castle Age
Roxhelll
0:32 Loom
12:01 Feudal Age
13:06 Double-Bit Axe
13:14 Gold Mining
17:16 Horse Collar
17:04 Man-at-Arms
17:31 Arson
22:58 Castle Age
21:41 Bloodlines
JP 2
6:08 Loom
9:17 Feudal Age
13:53 Castle Age
13:28 Double-Bit Axe
18:55 Horse Collar
22:15 Heavy Plow
22:39 Bow Saw
23:21 Scale Barding Armor
NaitoMare02
5:47 Loom
8:43 Feudal Age
11:44 Fletching
19:42 Padded Archer Armor
21:46 Castle Age
19:54 Double-Bit Axe
20:53 Gold Mining
20:54 Stone Mining
21:29 Scale Mail Armor
21:51 Crossbowman
22:52 Bodkin Arrow
Connection lost

Rejoining the realm…

Still unreachable

The connection could not be restored.

Session expired

The server has moved on; the page needs a fresh start.